 Dungeon Crawl Stone Soup version 0.27.1-34-g3ba077fa99 (webtiles) character file.

Game seed: 11674982085394063235

5 H0rd4k the Charlatan (level 1, 0/15 HPs)
             Began as a Human Artificer on Jan 20, 2022.
             Slain by a bat (1 damage)
             ... on level 1 of the Dungeon.
             The game lasted 00:00:36 (286 turns).

H0rd4k the Charlatan (Human Artificer)               Turns: 286, Time: 00:00:36

Health: 0/15       AC:  3    Str: 12    XL:     1   Next: 88%
Magic:  1/1        EV: 11    Int: 11    God:
Gold:   0          SH:  0    Dex: 13    Spells: 0/0 levels left

rFire    . . .     SeeInvis .   a - +0 club
rCold    . . .     Faith    .   (no shield)
rNeg     . . .     Spirit   .   b - +0 leather armour
rPois    .         Reflect  .   (no helmet)
rElec    .         Harm     .   (no cloak)
rCorr    .         Rampage  .   (no gloves)
Will     .....                  (no boots)
Stlth    +.........             (no amulet)
HPRegen  0.05/turn              (no ring)
MPRegen  0.07/turn              (no ring)

@: no status effects
A: no striking features
a: no special abilities


You were on level 1 of the Dungeon.
You visited 1 branch of the dungeon, and saw 1 of its levels.

Inventory:

Hand Weapons
 a - a +0 club (weapon)
Armour
 b - a +0 leather armour (worn)
Wands
 c - a wand of flame (15) (quivered)
 d - a wand of charming (15)
Scrolls
 f - a scroll of identify {unknown}
Miscellaneous
 e - a piece from Xom's chessboard (15/15)


   Skills:
 + Level 1.0 Fighting
 - Level 2.0 Armour
 + Level 1.0 Dodging
 - Level 1.0 Stealth
 + Level 3.3 Evocations


You couldn't memorise any spells.
You didn't know any spells.
Your spell library was empty.

Dungeon Overview and Level Annotations

Branches:
Dungeon (1/15)

Altars:


Message History

You open the door.
There is an open door here.
Found a scroll labelled OSE TIURULEAM.
f - a scroll labelled OSE TIURULEAM A bat comes into view.
A quokka comes into view.
Found a scroll labelled OSE TIURULEAM.
The bat closely misses you.
There are monsters nearby!
There are monsters nearby!
You miss the bat. The bat hits you but does no damage.
There are monsters nearby!
The quokka bites you. The bat hits you. The quokka barely misses you.
The bat completely misses you. The quokka bites you.
The bat hits you but does no damage. The bat hits you.
The bat barely misses you. The quokka bites you.
You barely miss the quokka. The quokka barely misses you.
The bat closely misses you. The quokka bites you.
You hit the quokka but do no damage. The bat barely misses you.
The quokka completely misses you.
You miss the quokka. The bat barely misses you. The quokka bites you.
* * * LOW HITPOINT WARNING * * *
The quokka bites you but does no damage.
You hit the quokka but do no damage. The bat closely misses you.
The bat hits you.
* * * LOW HITPOINT WARNING * * *
The quokka misses you. The bat hits you but does no damage.
The quokka barely misses you. The bat closely misses you.
The quokka closely misses you.
You barely miss the quokka. The bat closely misses you.
The quokka barely misses you.
You barely miss the quokka. The bat hits you but does no damage.
The quokka barely misses you. The quokka bites you.
* * * LOW HITPOINT WARNING * * *
Your leather armour prevents you from hitting the quokka.
The bat hits you but does no damage. The bat barely misses you.
The quokka misses you.
You barely miss the quokka. The bat hits you.
You die...

#....##### #....'...#
#....###.# #.....##.# #
### #.###.##.# #?#.. #.#
#.##.# #.#.### ##.# #.##.#
# ..... ...###.##.#
#.###b######## .......##.#
#...@r........
#########.#######.#######.
...................#
#######.........##.#
#########...... #.#......
#.####### #.# #.#


You could see a quokka and a bat.

Vanquished Creatures
  A dart slug (D:1)
  An endoplasm (D:1)
  A ball python (D:1)
  A bat (D:1)
4 creatures vanquished.

Notes
Turn   | Place    | Note
-------+----------+-------------------------------------------
     0 | D:1      | H0rd4k the Human Artificer began the quest for the Orb.
     0 | D:1      | Reached XP level 1. HP: 15/15 MP: 1/1
   286 | D:1      | Slain by a bat

Illustrated notes

Levels and vault maps discovered:
D:1:      lightli_molten_gateway, layout_basic,
          hellmonk_ecumenical_altar_zigzags

Action                   || total
-------------------------++-------
Melee: Club              ||    39
Armor: Leather armour    ||    18
Dodge: Dodged            ||    51
